 Dungeon Crawl Stone Soup version 0.27.1-37-g7b29ead8ac (console) character file.

Game seed: 12918027233743475814

32397 grimtooth the Convoker (level 13, -6/101 HPs)
             Began as a Barachi Summoner on Aug 18, 2023.
             Was a High Priest of Nemelex Xobeh.
             Succumbed to Nessos's poison
             ... on level 12 of the Dungeon on Aug 19, 2023.
             The game lasted 03:01:07 (32349 turns).

grimtooth the Convoker (Barachi Summoner)          Turns: 32349, Time: 03:01:07

Health: -6/101     AC:  9    Str: 11    XL:     13   Next: 64%
Magic:  10/22      EV: 28    Int: 19    God:    Nemelex Xobeh [*****.]
Gold:   1643       SH:  0    Dex: 13    Spells: 4/24 levels left

rFire    . . .     SeeInvis .   l - +1 dagger (freeze)
rCold    . . .     Faith    .   (no shield)
rNeg     . . .     Spirit   .   m - +1 leather armour {Will+}
rPois    .         Reflect  .   A - +1 helmet
rElec    .         Harm     .   y - +0 cloak
rCorr    +         Rampage  .   H - +0 pair of gloves
Will     +....                  (no boots)
Stlth    +++.......             e - amulet of the acrobat
HPRegen  0.26/turn              D - +4 ring of slaying
MPRegen  0.18/turn              f - ring of resist corrosion

@: lethally poisoned (-6 -> -34), unable to hop, acrobatic, slow
A: amphibious, slowness 1, strong legs 2, +LOS
a: Hop, Renounce Religion, Draw Escape, Draw Destruction, Draw Summoning, Triple
Draw, Deal Four, Stack Five


You were on level 12 of the Dungeon.
You worshipped Nemelex Xobeh.
Nemelex Xobeh was extremely pleased with you.
You visited 2 branches of the dungeon, and saw 18 of its levels.
You also visited: Ice Cave.

You collected 1712 gold pieces.
You spent 69 gold pieces at shops.

Inventory:

Hand Weapons
 d - a +2 dagger of speed
 k - a +0 scimitar of flaming
 l - a +1 dagger of freezing (weapon)
 L - a +2 vampiric falchion
Missiles
 a - 5 curare-tipped darts (quivered)
 j - 171 stones
 t - 65 poisoned darts
 K - 21 boomerangs
Armour
 m - a +1 leather armour of willpower (worn)
 v - a +0 troll leather armour
 y - a +0 cloak (worn)
 A - a +1 helmet (worn)
 G - a +0 buckler
 H - a +0 pair of gloves (worn)
Magical Staves
 n - a staff of air
Jewellery
 e - an amulet of the acrobat (around neck)
 f - a ring of resist corrosion (right hand)
 p - a ring of protection from cold
 D - a +4 ring of slaying (left hand)
 I - an amulet of faith
Wands
 h - a wand of mindburst (5)
 B - a wand of iceblast (3)
Scrolls
 b - a scroll of blinking {unknown}
 c - 3 scrolls of vulnerability
 q - a scroll of fear
 u - a scroll of acquirement {unknown}
 C - a scroll of fog
 F - a scroll of summoning {unknown}
 J - 2 scrolls of teleportation
 M - 2 scrolls of amnesia {unknown}
Potions
 g - 3 potions of attraction
 i - 5 potions of might
 o - 2 potions of flight
 w - a potion of berserk rage
 z - a potion of haste
 E - a potion of lignification


   Skills:
 - Level 9.0 Fighting
 - Level 5.0 Armour
 - Level 6.0 Dodging
 - Level 6.0 Stealth
 - Level 6.0 Spellcasting
 * Level 7.8 Hexes
 - Level 15.0 Summonings
 - Level 6.0 Air Magic
 - Level 6.0 Earth Magic
 + Level 9.4 Invocations


You had 4 spell levels left.
You knew the following spells:

 Your Spells              Type           Power      Damage    Failure   Level
a - Sandblast             Erth           56%        2d13      1%          1
b - Tukima's Dance        Hex            35%        N/A       1%          3
z - Confusing Touch       Hex            35%        N/A       1%          3
I - Summon Lightning Spi  Summ/Air       45%        N/A       1%          4
L - Summon Small Mammal   Summ           100%       N/A       1%          1
M - Summon Guardian Gole  Hex/Summ       49%        N/A       1%          3
N - Call Canine Familiar  Summ           58%        N/A       1%          3
P - Call Imp              Summ           58%        N/A       1%          2

Your spell library contained the following spells:

 Spells                   Type           Power      Damage    Failure   Level
 Slow                     Hex            35%        N/A       1%          2
 Animate Armour           Summ/Erth      90%        N/A       1%          4
 Swiftness                Air            28%        N/A       3%          3
 Shock                    Conj/Air       68%        1d7       4%          1
 Passwall                 Tmut/Erth      14%        N/A       6%          2
 Static Discharge         Conj/Air       17%        N/A       6%          2
 Portal Projectile        Hex/Tloc       40%        N/A       9%          3
 Leda's Liquefaction      Hex/Erth       16%        N/A       9%          4
 Stone Arrow              Conj/Erth      34%        3d9       12%         3
 Airstrike                Air            14%        N/A       12%         4
 Pain                     Necr           20%        1d5       14%         1
 Sublimation of Blood     Necr           2%         N/A       22%         2
 Wereblood                Tmut           5%         N/A       22%         2
 Conjure Flame            Conj/Fire      5%         6-21      38%         3
 Ignite Poison            Fire/Tmut/Pois 5%         N/A       38%         3
 Dispel Undead            Necr           5%         3d7       80%         4
 Passage of Golubria      Tloc           N/A        N/A       80%         4
 Sticky Flame             Conj/Fire      5%         2d3       80%         4
 Summon Hydra             Summ           29%        N/A       26%         7
 Lee's Rapid Deconstruct  Erth           14%        3d10*     32%         5
 Yara's Violent Unravell  Hex/Tmut       10%        3d6       61%         5
 Lightning Bolt           Conj/Air       8%         1d21      75%         5
 Freezing Cloud           Conj/Ice/Air   6%         6-21      86%         5
 Agony                    Necr           5%         N/A       98%         5
 Excruciating Wounds      Necr           2%         N/A       98%         5
 Dispersal                Tloc           2%         N/A       100%        6
 Disjunction              Tloc           2%         N/A       100%        8
 Lehudib's Crystal Spear  Conj/Erth      8%         10d4      100%        8
 Maxwell's Capacitive Co  Air            14%        ∞         100%        8


Dungeon Overview and Level Annotations

Branches:
Dungeon (12/15)            Temple (0/1) D:7            Lair (6/6) D:11
  Swamp (0/4) Lair:3        Snake (0/4) Lair:3        Slime (0/5) Lair:6
  IceCv (visited)
    Orc: D:9-12

Altars:
Cheibriados
Fedhas
Hepliaklqana
Kikubaaqudgha
Nemelex Xobeh
Uskayaw
Wu Jian
Jiyva

Shops:
D:6 *   D:10 *

Annotations:
D:9 exclusion: wizard
D:12 exclusion: boulder beetle, Nessos
Lair:4 3 runed translucent doors, tkbsonic5's ghost, journeyman SpVM


Innate Abilities, Weirdness & Mutations

You are amphibious.
You cover ground slowly.
You can hop long distances.
You have an extended range of vision and can be seen from far away.


Message History

You feel extremely sick.
Casting: Call Canine Familiar (safe; 1% risk of failure)
Confirm with . or Enter, or press ? or * to list all spells.
A shadowy apparition takes form in the air.
* * * LOW HITPOINT WARNING * * *
You feel extremely sick.
Casting: Call Imp (safe; 1% risk of failure)
Confirm with . or Enter, or press ? or * to list all spells.
A beastly little devil appears in a puff of flame.
* * * LOW HITPOINT WARNING * * *
You feel extremely sick.
Casting: Call Imp (safe; 1% risk of failure)
Confirm with . or Enter, or press ? or * to list all spells.
A beastly little devil appears in a puff of flame.
* * * LOW HITPOINT WARNING * * *
You feel very sick.
Nessos blinks! x2
Okay, then.
You swap places.
* * * LOW HITPOINT WARNING * * *
You feel extremely sick.
Nessos shoots an arrow.
The arrow hits your shadow imp. The arrow burns your shadow imp.
Nessos shoots an arrow.
The arrow hits your shadow imp! The arrow burns your shadow imp.
Your shadow imp dies!
Your shadow imp disappears in a puff of smoke!
You draw a card...
You have drawn Velocity.
Your crimson imp seems to speed up. x2
Nessos seems to slow down.
* * * LOW HITPOINT WARNING * * *
You feel very sick.
Your lightning spire shoots out a bolt of lightning at Nessos!
The bolt of electricity hits Nessos!
Nessos shoots an arrow.
The arrow hits you.
* * * LOW HITPOINT WARNING * * *
The arrow burns you.
You are more poisoned.
* * * LOW HITPOINT WARNING * * *
You die...
Your body glows with a rainbow of weird colours and disappears.

#......# #.....§## #.......# .'
#.c.....# .# #.......######## °..
.' #............... ○.. .#
#............... ○☼.
.#########.....8......... .○.
......................... ...
...............h5.....### ######
..............5.@...### #...#.
....................# +...#.
.#'###..............# #...#.
.#...###'###........# #...#.
.#.........#........# .. #...#.
.#.........###......# .....##'##Z
.#...........#.######....Z....Z..
.#...........#.# .$......8.##
.#...........#.# ......)...#.
.######'#....#.# ..c.......#.
........#....#.# ..........#.


You could see Nessos (slow, ally target), a friendly wolf (summoned), a friendly
lightning spire (summoned) and 2 friendly crimson imps.

Vanquished Creatures
  A spark wasp (Lair:4)
  A boulder beetle (D:12)
  2 hydras (Lair:5)
  2 death yaks
  4 black mambas
  2 cane toads
  2 komodo dragons
  3 rime drakes
  7 blink frogs
  5 yaks
  A wyvern (Lair:1)
  Eustachio (D:5)
  2 fire elementals (D:12)
  A basilisk (Lair:4)
  A golden eye (Lair:4)
  A vampire mosquito (D:7)
  2 nagas (Lair:3)
  4 water moccasins
  A hell hound (D:12)
  An orc warrior (D:10)
  5 wolves
  2 centaurs
  9 bullfrogs
  2 killer bees
  2 electric eels (Lair:1)
  2 bullfrog zombies
  2 centaur zombies
  2 jellies (D:5)
  2 orc priests
  An iguana (D:6)
  Natasha (D:2)
  2 hound skeletons
  4 adders
  A shadow imp (D:7)
  A white imp (D:7)
  A dart slug (D:1)
  21 orcs
  2 endoplasms
  3 giant cockroaches
  7 goblins (D:2)
  7 hobgoblins
  A jackal (D:1)
  3 kobolds
  A quokka (D:1)
  2 ball pythons
  5 bats
  A frilled lizard (D:1)
  2 goblin zombies (D:12)
  A hobgoblin zombie (D:12)
  3 orc zombies (D:12)
  4 rats
146 creatures vanquished.

Vanquished Creatures (collateral kills)
  Azrael (D:12)
  3 hydras
  4 two-headed ogres
  A death yak (Lair:3)
  A cyclops (D:12)
  5 elephants
  3 black mambas
  4 cane toads
  An unseen horror (D:10)
  3 komodo dragons
  A troll (D:12)
  4 blink frogs
  4 slime creatures (D:11)
  2 wyverns
  2 fire elementals (D:12)
  15 yaks
  4 wraiths
  Sigmund (D:2)
  A basilisk (Lair:1)
  2 vampire mosquitoes (D:7)
  A swamp worm (Lair:3)
  An acid dragon (D:12)
  3 wargs (D:11)
  A naga (Lair:3)
  9 water moccasins
  A hell hound (D:12)
  3 orc warriors
  A hornet zombie (D:6)
  An ice beast (shapeshifter) (D:12)
  An ogre (D:10)
  3 black bears
  2 necrophages
  11 wolves
  A centaur (D:7)
  2 phantoms (D:12)
  3 bullfrogs
  3 scorpions
  2 wyvern zombies
  A water moccasin zombie (D:5)
  A water moccasin skeleton (D:4)
  15 killer bees
  2 centaur zombies
  2 jellies
  7 orc priests
  2 hounds
  2 bullfrog skeletons
  3 iguanas (D:6)
  Natasha (twice) (D:2)
  3 orc wizards
  A killer bee zombie (D:8)
  5 ogre zombies (D:12)
  A hound skeleton (D:5)
  Robin (D:2)
  10 adders
  A shadow imp (D:6)
  An ufetubus (D:4)
  4 worms (D:3)
  3 dart slugs
  33 orcs
  2 bats
  8 endoplasms
  2 giant cockroaches
  7 goblins
  3 hobgoblins
  2 jackals (D:1)
  2 quokkas
  4 ball pythons
  A goblin skeleton (D:12)
  A hobgoblin skeleton (D:12)
  An orc skeleton (D:12)
  5 orc zombies (D:12)
  A rat (D:1)
250 creatures vanquished.

Vanquished Creatures (others)
  2 hydras (Lair:4)
  A two-headed ogre (D:8)
  A tengu warrior (D:12)
  A death yak (Lair:3)
  A manticore (D:11)
  An elephant (Lair:5)
  A black mamba (Lair:5)
  A gargoyle (D:12)
  A tengu conjurer (D:12)
  3 blink frogs
  3 yaks
  Edmund (D:5)
  A water moccasin (Lair:1)
  2 orc warriors
  A centaur (D:9)
  An ogre (D:10)
  A killer bee (D:11)
  A troll zombie (D:12)
  An ogre zombie (D:12)
  An orc (D:10)
  A hobgoblin zombie (D:12)
  2 orc skeletons (D:12)
  5 orc zombies (D:12)
  2 bushes (Lair:4)
  69 fungi
  54 plants
  12 toadstools
171 creatures vanquished.

Grand Total: 567 creatures vanquished

Notes
Turn   | Place    | Note
-------+----------+-------------------------------------------
     0 | D:1      | grimtooth the Barachi Summoner began the quest for the Orb.
     0 | D:1      | Reached XP level 1. HP: 13/13 MP: 3/3
   401 | D:1      | Got Daggof's Handbook of Weightlessness and Companions
   599 | D:1      | Reached skill level 5 in Summonings
   768 | D:1      | Reached XP level 2. HP: 13/19 MP: 1/5
  1428 | D:1      | Reached XP level 3. HP: 11/24 MP: 5/7
  1983 | D:2      | Learned a level 2 spell: Call Imp
  2021 | D:2      | Reached skill level 6 in Summonings
  2401 | D:2      | Reached XP level 4. HP: 27/30 MP: 3/8
  2623 | D:2      | Noticed Sigmund
  2636 | D:2      | Killed Sigmund
  2637 | D:2      | Reached XP level 5. HP: 29/35 MP: 5/10
  2742 | D:2      | Noticed Natasha
  3941 | D:3      | Reached skill level 7 in Summonings
  4528 | D:3      | Learned a level 3 spell: Call Canine Familiar
  4696 | D:4      | Noticed a necrophage
  4715 | D:4      | Killed a necrophage
  4716 | D:4      | Reached XP level 6. HP: 33/41 MP: 5/12
  4734 | D:4      | Reached skill level 8 in Summonings
  6075 | D:4      | Learned a level 3 spell: Summon Guardian Golem
  6076 | D:5      | Entered Level 5 of the Dungeon
  6076 | D:5      | Noticed a black bear
  6394 | D:5      | Reached XP level 7. HP: 35/46 MP: 10/13
  6402 | D:5      | Reached skill level 1 in Hexes
  6600 | D:5      | Noticed Edmund
  6710 | D:5      | Found a hide-covered altar of Uskayaw.
  6721 | D:5      | Reached skill level 9 in Summonings
  6955 | D:5      | Noticed Eustachio
  7084 | D:2      | Killed Natasha
  7355 | D:2      | Noticed Robin
  7360 | D:2      | Killed Robin
  7407 | D:2      | Noticed Natasha
  7423 | D:2      | Killed Natasha
  7601 | D:2      | Noticed Natasha
  7606 | D:2      | Killed Natasha
  8060 | D:5      | Identified the +0 kite shield of the Nexus {-Tele Will++
                  | Str+5}
  8066 | D:5      | Killed Eustachio
  8134 | D:5      | Found a sparkling altar of Nemelex Xobeh.
  8308 | D:5      | Became a worshipper of Nemelex Xobeh the Trickster
  8409 | D:5      | Reached XP level 8. HP: 50/52 MP: 12/14
  8804 | D:5      | You fall into a shaft and drop 2 floors!
  9095 | D:7      | Reached skill level 5 in Hexes
  9579 | D:6      | Found Zeibuak's General Store.
 10310 | D:6      | Reached * piety under Nemelex Xobeh
 10472 | D:6      | Reached skill level 1 in Fighting
 11337 | D:6      | Received a gift from Nemelex Xobeh
 11631 | D:7      | Reached skill level 10 in Summonings
 11631 | D:7      | Reached XP level 9. HP: 61/62 MP: 11/15
 11856 | D:7      | Found a staircase to the Ecumenical Temple.
 12339 | D:8      | Reached ** piety under Nemelex Xobeh
 12411 | D:8      | Found a snail-covered altar of Cheibriados.
 12517 | D:8      | Received a gift from Nemelex Xobeh
 12590 | D:8      | Found a large runed translucent door.
 12591 | D:8      | Found a large runed translucent door.
 12879 | D:8      | Noticed a two-headed ogre
 12893 | D:8      | Killed a two-headed ogre
 12894 | D:8      | Reached skill level 5 in Stealth
 13154 | D:8      | - what an empty level
 13154 | D:8      | - four solos and an orc quartet
 13496 | D:5      | Found a sparkling altar of Nemelex Xobeh.
 13689 | D:5      | Found a hide-covered altar of Uskayaw.
 13935 | D:5      | Killed Edmund
 14119 | D:8      | Found a blossoming altar of Fedhas.
 14119 | D:8      | Noticed a two-headed ogre
 14133 | D:8      | Killed a two-headed ogre
 14134 | D:8      | Reached skill level 11 in Summonings
 14228 | D:8      | Found a hazy altar of Hepliaklqana.
 14268 | D:9      | Reached skill level 5 in Fighting
 14725 | D:8      | - oh dangit
 14730 | D:8      | HP: 3/68 [poisoned by a killer bee]
 14731 | D:8      | Reached skill level 14 in Summonings
 14731 | D:8      | Reached XP level 10. HP: 4/83 MP: 9/16
 14732 | D:8      | - and i got nothin
 14739 | D:8      | - well that was a close one
 15231 | D:6      | Bought a potion of curing for 33 gold pieces
 15363 | D:9      | Noticed a two-headed ogre
 15382 | D:9      | Killed a two-headed ogre
 15383 | D:9      | Reached XP level 11. HP: 89/89 MP: 4/17
 15685 | D:9      | Reached skill level 15 in Summonings
 15821 | D:9      | Reached skill level 5 in Spellcasting
 16062 | D:9      | Noticed a wizard
 16133 | D:9      | Found an ornate altar of the Wu Jian Council.
 17112 | D:9      | Learned a level 3 spell: Confusing Touch
 17114 | D:9      | Learned a level 1 spell: Sandblast
 17119 | D:9      | Learned a level 4 spell: Summon Lightning Spire
 17120 | D:10     | Entered Level 10 of the Dungeon
 17173 | D:10     | Found an ancient bone altar of Kikubaaqudgha.
 17189 | D:10     | Received a gift from Nemelex Xobeh
 17285 | D:10     | Found Imnitiy's Serpentskin Sales.
 17449 | D:10     | Reached skill level 1 in Invocations
 17675 | D:10     | Reached skill level 1 in Air Magic
 18664 | D:11     | Noticed a two-headed ogre
 18752 | D:11     | Noticed a two-headed ogre
 18752 | D:11     | Reached *** piety under Nemelex Xobeh
 18783 | D:11     | Noticed a manticore
 19109 | D:11     | Killed a two-headed ogre
 19221 | D:11     | Received a gift from Nemelex Xobeh
 19253 | D:11     | Found a staircase to the Lair.
 19681 | D:11     | Killed a manticore
 19987 | D:11     | Killed a two-headed ogre
 20308 | Lair:1   | Entered Level 1 of the Lair of Beasts
 20406 | Lair:1   | Found a frozen archway.
 20416 | IceCv    | Entered an ice cave
 20416 | IceCv    | Noticed a white ugly thing
 20416 | IceCv    | Found a transporter.
 20417 | IceCv    | - this looks dire
 20499 | Lair:1   | Received a gift from Nemelex Xobeh
 20644 | Lair:1   | Reached **** piety under Nemelex Xobeh
 21157 | Lair:1   | Reached skill level 5 in Invocations
 21159 | Lair:1   | Reached skill level 5 in Air Magic
 21338 | Lair:2   | Received a gift from Nemelex Xobeh
 21635 | Lair:2   | Received a gift from Nemelex Xobeh
 21845 | Lair:2   | Reached ***** piety under Nemelex Xobeh
 21997 | Lair:2   | - so there is a single dude on the entire level
 21997 | Lair:2   | - free piety i guess
 22473 | Lair:3   | Noticed a five-headed hydra
 22542 | Lair:3   | Noticed a death yak
 22542 | Lair:3   | Noticed a death yak
 22552 | Lair:3   | Noticed a six-headed hydra
 22606 | Lair:3   | Killed a five-headed hydra
 22607 | Lair:3   | Reached XP level 12. HP: 87/95 MP: 11/21
 22957 | Lair:3   | Received a gift from Nemelex Xobeh
 23113 | Lair:3   | Reached skill level 1 in Earth Magic
 23423 | Lair:3   | a six-headed hydra changed into a swamp worm
 23526 | Lair:3   | Found a staircase to the Swamp.
 23569 | Lair:3   | Found a staircase to the Snake Pit.
 24338 | Lair:3   | Received a gift from Nemelex Xobeh
 24553 | Lair:4   | Noticed a six-headed hydra
 24568 | Lair:4   | Noticed an eight-headed hydra
 24790 | Lair:4   | Noticed a four-headed hydra
 24804 | Lair:4   | Killed a four-headed hydra
 24841 | Lair:4   | Noticed a death yak
 26064 | Lair:4   | Killed an eight-headed hydra
 26581 | Lair:3   | Noticed a death yak
 26597 | Lair:4   | Noticed a six-headed hydra
 26602 | Lair:4   | Killed a death yak
 26603 | Lair:4   | Reached skill level 1 in Armour
 26604 | Lair:4   | Killed a six-headed hydra
 26610 | Lair:4   | Noticed a spark wasp
 26610 | Lair:4   | a six-headed hydra changed into a spark wasp
 26619 | Lair:4   | Killed a spark wasp
 26620 | Lair:4   | Reached skill level 5 in Earth Magic
 26620 | Lair:4   | Gained mutation: You can hop long distances. [Barachi
                  | growth]
 26620 | Lair:4   | Reached XP level 13. HP: 42/101 MP: 11/22
 27026 | Lair:4   | Found a large runed translucent door.
 27026 | Lair:4   | Found a large runed translucent door.
 27026 | Lair:4   | Noticed tkbsonic5's ghost (journeyman SpVM)
 27068 | Lair:4   | Found a runed translucent door.
 27569 | Lair:5   | Reached skill level 5 in Dodging
 27908 | Lair:5   | Received a gift from Nemelex Xobeh
 29134 | Lair:6   | Entered Level 6 of the Lair of Beasts
 29134 | Lair:6   | Received a gift from Nemelex Xobeh
 29204 | Lair:6   | Found a viscous altar of Jiyva.
 29204 | Lair:6   | Found a staircase to the Slime Pits.
 29208 | Lair:5   | - maybe lets go find Orc
 29391 | Lair:3   | Reached skill level 5 in Armour
 29676 | D:11     | Learned a level 3 spell: Tukima's Dance
 29794 | D:12     | Received a gift from Nemelex Xobeh
 30519 | D:12     | Noticed Nessos
 30531 | D:12     | Noticed Azrael
 30534 | D:12     | HP: 5/101 [Azrael/damnation (17)]
 31312 | D:10     | Bought 5 curare-tipped darts for 36 gold pieces
 31518 | D:12     | Killed Azrael
 32125 | D:12     | Received a gift from Nemelex Xobeh
 32348 | D:12     | HP: 3/101 [Nessos/arrow (5)]
 32349 | D:12     | Succumbed to Nessos's poison

Illustrated notes #####.#.######.......## #... #.........##..........###.≈. #.###.................'....♣ #.###..########.......####.. #.....## .... ##.....## ##. ####.)# #..# #....## ## ##†# #..# #...## #.# #..# #.+## #.# #..# #..# #.####++####[.# #...8#.@#8....## #...'....'.....######## #...8####8............# #..............######.# ######.####.#..# ####.## #......#..###...... ######..>.....##.## ###..######.# #..######.# #.........# #.######### Turn 13154 on D:8: - what an empty level #.................'....♣...♣...♣. #..########.......####..≈.≈.≈.≈.≈ ..##......##.....## ##.##.###### .)#..#..#..#....## ####.# #†#._#..#_.#...## #.# #.#..#.)#..#.+## #.# #.#⌠.#..#.⌠#..# #.# #.####''####[.# #.# #...8#..#8....## #.# #...'....'...h.######## #.# #...8####8..55†y@.....# #.# #..............######.# #.# ######.####.#..# ####.####.# #......#..###.........# ######..>.....##.###### ###..######.# #..######.# #.........# #.######### #### #.# ...## ####.# ## Turn 14725 on D:8: - oh dangit ...............'....♣...♣...♣...♣ ########.......####..≈.≈.≈.≈.≈.≈. #......##.....## ##.##.######### ..#..#..#....## ####.# ._#..#_.#...## #.# ..#.)#..#.+## #.# ⌠.#..#.⌠#..# #.# ###''####[.# #.# .8#..#8....## #.# .'....'.....######## #.# .8####8....†5.5h@..# #.# ............######.# #.# ###.####.#..# ####.####.# #......#..###.........# ######..>.....##.###### ###..######.# #..######.# #.........# #.######### # #.# ## ####.# ##### Turn 14732 on D:8: - and i got nothin ...............'....♣...♣...♣...♣ ########.......####..≈.≈.≈.≈.≈.≈. #......##.....## ##.##.######### ..#..#..#....## ####.# ._#..#_.#...## #.# ..#.)#..#.+## #.# ⌠.#..#.⌠#..# #.# ###''####[.# #.# .8#..#8....## #.# .'....'.....######## #.# .8####8....†.55h@..# #.# ............######.# #.# ###.####.#..# ####.####.# #......#..###.........# ######..>.....##.###### ###..######.# #..######.# #.........# #.######### # #.# ## ####.# ##### Turn 14739 on D:8: - well that was a close one #### ####...### ##........# ##.Z.Z...... ##........... #.......8..!. #.........$.8 #.∩.@...u?[©© #.........[.8 #.......8..). ##........... ##...Z.Z.... ##........# ####...### #### Turn 20417 on IceCv: - this looks dire

.## ##P.##
#.............<.... .#
#...# ##.................
.# ###.#
##................ .##
##.# #................ ..#
#..# #.................
.## #..##
#P................ .##
#...# ##................
..# ##.##
#................. ..##
#..# ####.........S.......
.#.#
##.###.##.................
..##
#.......@................
..#
#........................
..#
##.P###P..................
.## #..##
##.................. ..#
##.# ###................
.########.##
#.................
....P.##..P##
#................
............#
#................
..........###
##..>.......#.P##.
..........#.#
#P...........#####
.P.#####....#
##..#.#.#....#


Turn 21997 on Lair:2: - so there is a single dude on the entire level
....PP.P...## #............# ......P...#.## ##............# ......#.[.##.#
#....P######..# ..........#### ###.#### #..# ..........### #...### #..##
.........>..## #..#..## ##..# .PP....#.#...####..#...# #..##
.P..<...........>..#...# #..# .......##......#..##..########.#
.....#.###.....#.#...##....#.#.# .P....## ##...).@>...........#.# P....P#
##.#..#.#..#..P##...#.# #P....# #.#.#############..##.# #....## ##### ##.#..##
.#...# ##.#...# .....# ### #......# P#...#### ###.###....... ###...#.#
##......>.##..# ###....## ##....##..##..## #...PP..### #.#..#######...#
P....P#.^.# ###..#### #.... Turn 29208 on Lair:5: - maybe lets go find Orc

Levels and vault maps discovered:
D:1:      dpeg_arrival_chambers_temple_mockup, layout_basic, dk_noncrumbling_3,
          minmay_pentomino_v4
D:2:      layout_loops_ring, uniq_sigmund, uniq_natasha, uniq_robin
D:3:      layout_basic
D:4:      layout_rooms
D:5:      layout_basic, nemelex_spade_bored_becter, nicolae_uskayaw_dance_hall,
          uniq_edmund, uniq_eustachio
D:6:      minmay_polygon_palace, layout_rooms, serial_shops, shop_statue,
          serial_aquarium, aquarium_bridge_long_joined [aquarium_subvault_wall,
          aquarium_subvault_bridge, aquarium_subvault_bridge,
          aquarium_subvault_bridge, aquarium_subvault_wall,
          aquarium_subvault_window], aquarium_bridge_straight
          [aquarium_subvault_bridge, aquarium_subvault_balcony,
          aquarium_subvault_bridge, aquarium_subvault_window],
          aquarium_window_1, aquarium_window_2, aquarium_view_2d,
          aquarium_balcony_3b, minmay_stone_trees_small
D:7:      layout_basic, minmay_temple_entry_tees
D:8:      layout_loops_corners, jmf_multi_god_temple2, old_standard_altar,
          skrybe_limestone_x, kennysheep_crisscross
D:9:      layout_rooms, mainiacjoe_overflow_boulevard, minmay_gold_behind_fungi,
          lightli_wizard_tower
D:10:     layout_roguey [special_room_orc],
          mainiacjoe_overflow_concentric_impassable, guppyfry_shop_venom
D:11:     layout_loops_ring, erik_lair_orcish_takeover
D:12:     layout_irregular_city, zombieorc2_lemuel, uniq_nessos, uniq_azrael
Lair:1:   layout_chaotic_city, portal_ice_cave_entry_pillars_2,
          serial_bayou_shore_a
Lair:2:   layout_long_grid
Lair:3:   layout_cave_pods, swamp_mist_pool, minmay_snake_entry_guardpost_small,
          lemuel_fruit_fields
Lair:4:   gammafunk_lair_enchanted_lake, layout_loops_ring,
          ebering_ghost_disaster_area
Lair:5:   layout_loops_ring
Lair:6:   hangedman_lair_tendril_chambers, layout_long_grid, slime_altar_1,
          hangedman_lair_unloving_vines, dpeg_stationary_puzzle

Skill      XL: |  1  2  3  4  5  6  7  8  9 10 11 12 13 |
---------------+----------------------------------------+-----
Summonings     | 5 6 7 8 9 10 14 15 | 15.0
Spellcasting   | 3 4 6 |  6.0
Hexes          | 4 6 7 |  7.8
Stealth        | 3 4 6 |  6.0
Fighting       | 2 9 |  9.0
Invocations    | 5 9 |  9.4
Air Magic      | 5 6 |  6.0
Earth Magic    | 5 6 |  6.0
Armour         | 2 5 |  5.0
Dodging        | 4 6 |  6.0

Action                   |  1- 3 |  4- 6 |  7- 9 | 10-12 | 13-15 || total
-------------------------+-------+-------+-------+-------+-------++-------
Melee: Unarmed           |     8 |       |       |       |       ||     8
       Dagger            |    85 |   103 |   234 |   256 |    43 ||   721
       Staff             |       |       |       |     1 |     7 ||     8
Throw: Stone             |     1 |     8 |     6 |     1 |       ||    16
       Dart              |       |    14 |    20 |    48 |     6 ||    88
       Boomerang         |       |       |       |     2 |       ||     2
 Cast: Summon Small Mamm |    41 |     7 |     1 |       |       ||    49
       Call Imp          |     3 |    20 |    87 |    68 |    30 ||   208
       Call Canine Famil |       |    11 |    47 |    61 |    18 ||   137
       Summon Guardian G |       |       |     6 |    33 |    18 ||    57
       Sandblast         |       |       |       |    87 |    51 ||   138
       Summon Lightning  |       |       |       |    34 |    18 ||    52
Invok: Draw Escape       |       |       |       |     5 |     2 ||     7
       Draw Destruction  |       |       |       |    18 |     2 ||    20
       Deal Four         |       |       |       |       |     2 ||     2
       Triple Draw       |       |       |       |       |     1 ||     1
 Abil: Hop               |     1 |     3 |    10 |    20 |    10 ||    44
Evoke: Wand              |       |       |     8 |    17 |     1 ||    26
  Use: Scroll            |       |     3 |     4 |    11 |     3 ||    21
       Potion            |       |     1 |     5 |     4 |     4 ||    14
 Stab: Sleeping          |     4 |     3 |     3 |     1 |     1 ||    12
       Distracted        |       |     1 |       |     3 |       ||     4
Armor: Robe              |    26 |    15 |    49 |   107 |     5 ||   202
       Leather armour    |       |       |       |       |     9 ||     9
Dodge: Dodged            |    70 |    61 |   186 |   244 |    66 ||   627
